[Event "CCT Julius Baer-D3 2024"]
[Site "Online"]
[Date "2024.09.27"]
[Round "1"]
[White "Theodorou, Nikolas"]
[Black "Svane, Frederik"]
[Result "1/2-1/2"]
[ECO "C47"]
[WhiteElo "2619"]
[BlackElo "2640"]
[Annotator "TA"]
[PlyCount "62"]
[EventDate "2024.09.25"]
[EventType "swiss"]
[EventCountry "NET"]
[SourceTitle "playchess.com"]
[Source "ChessBase"]
[SourceQuality "1"]
[TimeControl "600+2"]

1. e4 e5 2. Nf3 Nc6 3. Nc3 Nf6 4. g3 d5 5. exd5 Nxd5 6. Bg2 Nxc3 7. bxc3 Bd6 8. O-O O-O 9. d4 h6 10. Be3 Re8 11. Rb1 Rb8 12. Nd2 exd4 13. cxd4 {[%emt 0:00:23] [#] Bxc6 would now be deadly.} Bf5 14. Nc4 Bf8 15. Qd2 Be4 {[%emt 0:00:01] aiming for ...Bxg2.} 16. d5 Bxg2 17. Kxg2 Ne5 18. Nxe5 Rxe5 19. c4 b6 {[%emt 0:00:04] The position is equal.} 20. Bd4 Re8 21. Rfe1 Qd7 22. Qd3 Rbd8 23. Rxe8 Rxe8 24. Rd1 Qg4 25. Be3 Bd6 26. h3 Qd7 27. Rd2 Re7 28. Bd4 Be5 29. Be3 Bd6 30. Bd4 Be5 31. Be3 Bd6 {[%emt 0:00:00] Weighted Error Value: White=0.04 (flawless) /Black=0.03 (flawless) .  Inaccurate:     	White=2     	Black=1      OK:         	White=8     	Black=12     Best:        	---       	Black=1} 1/2-1/2

[Event "CCT Julius Baer-D3 2024"]
[Site "Online"]
[Date "2024.09.27"]
[Round "1"]
[White "Makarian, Rudik"]
[Black "Yilmaz, Mustafa"]
[Result "1-0"]
[ECO "D38"]
[WhiteElo "2550"]
[BlackElo "2587"]
[Annotator "TA"]
[PlyCount "113"]
[EventDate "2024.09.25"]
[EventType "swiss"]
[EventCountry "NET"]
[SourceTitle "playchess.com"]
[Source "ChessBase"]
[SourceQuality "1"]
[TimeControl "600+2"]

1. d4 Nf6 2. c4 e6 3. Nf3 d5 4. Nc3 Bb4 5. Qa4+ Nc6 6. Bd2 {[%emt 0:00:01] D38: Queen's Gambit Declined: Ragozin Defence (4 Nf3 Bb4).} O-O 7. a3 $1 {[%emt 0:00:01][%mdl 4] is now more promising than 7.e3.} Bd6 8. c5 Be7 9. Bf4 Nh5 $146 ({Predecessor:} 9... Bd7 10. Qc2 b6 11. cxb6 axb6 12. e3 Nh5 13. Bg3 g6 14. Be2 Nxg3 15. hxg3 Bf6 {0-1 Makarian,R (2530)-Gukesh,D (2720) Wch Blitz Samarkand 2023 (10)}) 10. e3 Bd7 11. Bb5 a6 12. Bxc6 Bxc6 13. Qc2 b6 14. cxb6 cxb6 15. O-O Nxf4 16. exf4 Bd6 17. Ne5 Be8 18. Qd2 Rc8 19. Rfe1 f6 20. Nf3 Bf7 21. Qd3 Bxf4 22. Qxa6 Rc6 23. g3 Bh6 24. Kg2 Qd7 25. h4 Rfc8 26. Qe2 Rc4 27. Rad1 ({Better is} 27. a4 $15) 27... R4c6 (27... Bh5 $1 $17 28. Qc2 (28. Qxe6+ $2 {is the wrong capture.} Qxe6 29. Rxe6 Rxc3 $19) 28... Qc6) 28. Nh2 g6 29. Ng4 Bg7 30. Qf3 Qd8 31. Qe3 Qf8 32. Qf4 Be8 33. Qf3 h6 34. Kg1 g5 35. Ne3 gxh4 36. gxh4 Kh8 37. Kh2 h5 ({Black should play} 37... f5 $17) 38. Rg1 Bh6 39. Rg2 ({White should try} 39. Ng2 $1 $11) 39... R8c7 (39... Qd6+ $15 40. Kh1 Qf4 41. Qxf4 Bxf4) 40. Rdg1 $11 Rg7 41. Rxg7 Bxg7 42. Ne2 Bh6 43. Kh1 Rc7 44. Nf4 Bxf4 45. Qxf4 Rg7 {[%emt 0:00:01] [#]} (45... Rc6 $14) 46. Rxg7 $1 $16 Qxg7 {[%emt 0:00:01] [#]} 47. Qb8 $1 Qg6 48. Kh2 ({Don't play} 48. Qxb6 Qe4+ 49. Kg1 Bg6 $16) (48. Ng2 $142 $1) 48... Kg7 $16 49. Qxb6 Qe4 50. Qc7+ (50. Ng2 $14 e5 51. f3 Qxf3 52. dxe5) 50... Kh6 51. Ng2 Qxd4 52. Qe7 Qe5+ $2 (52... Bg6 $14) 53. f4 $18 Qxb2 $2 (53... Qb8 54. Qxf6+ Bg6) 54. Qxe8 Qe2 55. Qh8+ Kg6 56. Qg8+ Kh6 57. Qf7 1-0

[Event "CCT Julius Baer-D3 2024"]
[Site "Online"]
[Date "2024.09.27"]
[Round "1.1"]
[White "Keymer, Vincent"]
[Black "Hakobyan, Aram"]
[Result "1-0"]
[ECO "E46"]
[WhiteElo "2794"]
[BlackElo "2639"]
[Annotator "TA"]
[PlyCount "105"]
[EventDate "2024.09.25"]
[EventType "swiss"]
[EventCountry "NET"]
[SourceTitle "playchess.com"]
[Source "ChessBase"]
[SourceQuality "1"]
[TimeControl "600+2"]

1. d4 Nf6 2. c4 e6 3. Nc3 Bb4 4. e3 O-O 5. Bd2 c5 6. a3 {[%emt 0:00:01] E46: Nimzo-Indian: Rubinstein: 4 e3 0-0 5 Ne2 without early Bd3.} Bxc3 7. Bxc3 Ne4 8. Ne2 b6 9. d5 Re8 10. g3 Bb7 11. Bg2 exd5 12. cxd5 d6 13. Bxe4 $146 ({Predecessor:} 13. O-O Ba6 14. Bxe4 Rxe4 15. Re1 Bxe2 16. Qxe2 Nd7 17. f3 Re7 18. Qc4 a6 19. a4 {½-½ Butenandt,S (2126)-Schulze,L (2306) German Masters (Women) 2024 (8)}) 13... Rxe4 14. Nf4 Qg5 15. Qh5 h6 16. h4 Qxh5 17. Nxh5 f6 18. Bxf6 $1 Bxd5 (18... g6 $14 19. Nf4 Kf7) 19. Bxg7 $16 Rxe3+ 20. fxe3 Bxh1 21. Bxh6 Bf3 22. Nf6+ Kf7 23. Kf2 $1 Bb7 24. Bg5 Nc6 25. Rd1 Ke6 26. Nh5 (26. g4 $16) 26... Ne5 (26... Rf8+ $1 $14 27. Ke1 (27. Nf4+ Kd7 $16) 27... Ne5) 27. Ng7+ Kd7 28. Bf4 Ng4+ ({Black should try} 28... Rf8 $14) 29. Ke2 $16 d5 30. h5 $1 Rh8 {[%emt 0:00:01] [#]} 31. Kf3 ({White must play} 31. Rh1 $1 $16) 31... Nh2+ $11 32. Ke2 ({Better is} 32. Kf2 $11) 32... Ng4 $1 $16 {[%emt 0:00:00] [#]} 33. Rh1 $1 Rh7 (33... Nf6 $16 34. Rh4 (34. h6 d4 $18) 34... Ba6+ 35. Kd2 Ne4+ 36. Ke1 Bc8) 34. h6 $18 d4 (34... Nf6 $142 35. Rh4 Ba6+ 36. Kf3 Bd3) 35. Rh4 $18 Ba6+ 36. Kd2 dxe3+ 37. Bxe3 Ne5 38. Kc3 Nf7 $2 (38... Bb7 39. g4 Rh8) 39. g4 $18 Ne5 40. g5 Ng6 41. Re4 Rh8 42. Re6 Nh4 43. g6 Kc7 44. Bg5 (44. Ne8+ $142 Rxe8 45. Rxe8 Nxg6 46. Rg8) 44... Nf3 45. Bf4+ Kd7 46. Rf6 (46. Rd6+ $142 Kc8 47. Ne6) 46... Nd4 47. Kd2 Nf3+ 48. Ke3 Nh4 49. Bg5 Ng2+ 50. Kf2 Bb7 51. Nf5 Re8 52. Rf7+ Ke6 53. Ng7+ 1-0

[Event "CCT Julius Baer-D3 2024"]
[Site "Online"]
[Date "2024.09.27"]
[Round "1.1"]
[White "Niemann, Hans Moke"]
[Black "Sarana, Alexey"]
[Result "1/2-1/2"]
[ECO "B53"]
[WhiteElo "2699"]
[BlackElo "2679"]
[Annotator "ChessBase"]
[PlyCount "164"]
[EventDate "2024.09.25"]
[EventType "swiss"]
[EventCountry "NET"]
[SourceTitle "playchess.com"]
[Source "ChessBase"]
[SourceQuality "1"]
[TimeControl "600+2"]

1. e4 c5 2. Nf3 d6 3. d4 cxd4 4. Qxd4 Nf6 5. h3 Nc6 6. Qe3 g6 7. Bc4 Bg7 8. O-O O-O 9. Rd1 Qb6 10. Qxb6 axb6 11. Nc3 Be6 12. Bxe6 fxe6 13. Ng5 Nd8 14. e5 Ne8 15. exd6 exd6 16. Be3 Ra6 17. Bd4 d5 18. Bxg7 Nxg7 19. Re1 h6 20. Nf3 Nc6 21. Nb5 Ra5 22. Nbd4 Nxd4 23. Nxd4 Kf7 24. a3 Re8 25. Re5 Nf5 26. Nf3 d4 27. Rxa5 bxa5 28. g4 Nd6 29. Nxd4 e5 30. Nf3 a4 31. Re1 Kf6 32. Nd2 Ke6 33. Ne4 Rc8 34. Nxd6 Kxd6 35. Re2 Rc4 36. Rd2+ Ke6 37. Kg2 h5 38. Kg3 hxg4 39. hxg4 g5 40. c3 Rc8 41. f3 Rh8 42. Rd1 b6 43. Kg2 b5 44. Kg3 Rc8 45. Rh1 Rd8 46. Rh6+ Kf7 47. Rb6 Rd5 48. c4 bxc4 49. Rb4 Rd2 50. Rxa4 Rxb2 51. Rxc4 Ra2 52. Ra4 Kf6 53. Ra6+ Kf7 54. a4 Kg7 55. a5 Kf7 56. Ra8 Kg7 57. a6 Kf7 58. Ra7+ Kf6 59. Ra8 Kf7 60. a7 Kg7 61. Kh3 Kh7 62. Kg3 Kg7 63. Re8 Rxa7 64. Rxe5 Kf6 65. Re3 Ra2 66. Re1 Kg6 67. Rf1 Rb2 68. Rf2 Rb3 69. Re2 Ra3 70. Kf2 Kf6 71. Rb2 Ra6 72. Rb3 Re6 73. Re3 Ra6 74. Rd3 Re6 75. Rd4 Re5 76. Rd6+ Kf7 77. Rc6 Re8 78. Rc4 Kf6 79. Re4 Ra8 80. Re2 Ra3 81. Re3 Ra2+ 82. Re2 Ra3 1/2-1/2

[Event "CCT Julius Baer-D3 2024"]
[Site "Online"]
[Date "2024.09.27"]
[Round "1.1"]
[White "Navara, David"]
[Black "Amin, Bassem"]
[Result "0-1"]
[ECO "C65"]
[WhiteElo "2681"]
[BlackElo "2636"]
[Annotator "ChessBase"]
[PlyCount "102"]
[EventDate "2024.09.25"]
[EventType "swiss"]
[EventCountry "NET"]
[SourceTitle "playchess.com"]
[Source "ChessBase"]
[SourceQuality "1"]
[TimeControl "600+2"]

1. e4 e5 2. Nf3 Nc6 3. Bb5 Nf6 4. d3 Bc5 5. Bg5 h6 6. Bh4 Nd4 7. Nxd4 Bxd4 8. c3 Bb6 9. Nd2 c6 10. Ba4 O-O 11. O-O d6 12. Nc4 Be6 13. Bxf6 Qxf6 14. Nxd6 Rad8 15. Nf5 Bxf5 16. exf5 Qxf5 17. Bc2 e4 18. d4 c5 19. Qe2 cxd4 20. Qxe4 Qxe4 21. Bxe4 Rfe8 22. Bxb7 Re2 23. cxd4 Rxd4 24. Rad1 Rxd1 25. Rxd1 Rxf2 26. Kh1 Rxb2 27. Bd5 Kf8 28. g3 g6 29. Bb3 Rf2 30. Rc1 Ke7 31. Rc2 Rf1+ 32. Kg2 Rg1+ 33. Kf3 h5 34. Re2+ Kf6 35. Rc2 Kg7 36. Re2 Rf1+ 37. Kg2 Rg1+ 38. Kf3 g5 39. h3 f5 40. Re6 Rf1+ 41. Kg2 Rf2+ 42. Kh1 g4 43. hxg4 hxg4 44. Bc4 Rd2 45. Re7+ Kf6 46. Re6+ Kg5 47. Bb5 Rxa2 48. Be8 f4 49. Re5+ Kf6 50. gxf4 g3 51. Rg5 Rh2# 0-1

[Event "CCT Julius Baer-D3 2024"]
[Site "Online"]
[Date "2024.09.27"]
[Round "1.1"]
[White "Martirosyan, Haik M."]
[Black "Caruana, Fabiano"]
[Result "1-0"]
[ECO "D44"]
[WhiteElo "2667"]
[BlackElo "2798"]
[Annotator "TA"]
[PlyCount "89"]
[EventDate "2024.09.25"]
[EventType "swiss"]
[EventCountry "NET"]
[SourceTitle "playchess.com"]
[Source "ChessBase"]
[SourceQuality "1"]
[TimeControl "600+2"]

1. d4 Nf6 2. c4 e6 3. Nf3 d5 4. Nc3 c6 5. Bg5 dxc4 6. a4 (6. e4 $5) 6... c5 7. e4 cxd4 8. Qxd4 Qxd4 {[%emt 0:00:08] The position is equal.} 9. Nxd4 a6 {[%emt 0:00:05] Prevents Ndb5.} 10. Bxc4 Bb4 11. f3 Nbd7 12. Nc2 Ba5 13. Be3 Ne5 14. Be2 Bd7 15. b4 Bc7 16. O-O (16. O-O-O $14) 16... Rc8 17. Rfc1 Bd6 18. Nd1 Nc4 19. Bxc4 Rxc4 20. Nb2 Rc8 21. Nd3 $1 Be7 22. Nc5 Rc7 23. Na3 O-O 24. Nc4 Rd8 ({Black should try} 24... Re8) 25. Na5 $16 {[%emt 0:01:07] White is more active.} Bxc5 26. bxc5 ({But not} 26. Bxc5 b5 $14) 26... e5 {[%emt 0:00:21] [#] Wards off Bf4} 27. c6 $1 Rxc6 (27... Bxc6 $2 {perishes.} 28. Bb6 Rdd7 29. Bxc7 Rxc7 30. Nxb7 $18 (30. Nxc6 bxc6 31. Rc5 Nd7 $18)) 28. Nxc6 Bxc6 29. a5 Nd7 {[%emt 0:00:18] [#] A mistake that costs the game.} (29... Rc8 $16 {is a better defense.} 30. Rd1 Nd7) 30. Rxc6 $1 $18 bxc6 {[%emt 0:00:02][%mdl 4096] Endgame. [#] KRB-KRN} 31. Rd1 $1 Kf8 32. Bb6 Ke7 {[%emt 0:00:00] Hoping for ...Nxb6.} 33. Bxd8+ Kxd8 {[%emt 0:00:00] KR-KN} 34. Kf2 Kc7 35. Ke3 Nc5 36. Rb1 {[%emt 0:00:01] Prevents Nb3.} Nb7 37. Rb6 Nxa5 38. Rxa6 Nb7 (38... Nc4+ {might work better.} 39. Kd3 Kb7) 39. Ra8 Nd8 40. h4 Kd7 41. Ra7+ Ke6 42. g3 g6 43. g4 {[%emt 0:00:20] g5 would now be deadly.} h5 $2 (43... h6 {is a better chance.} 44. Kd3 Kf6) 44. g5 f6 45. Rg7 {[%emt 0:00:05] Weighted Error Value: White=0.08 (flawless) /Black=0.26 (precise) .  Mistake:       	White=1     	Black=4      Inaccurate:     	---       	Black=5      OK:         	White=16    	Black=11     Best:        	White=3     	Black=4      Strong:       	White=2     	---        Brilliant:      	White=1     	---} 1-0

[Event "CCT Julius Baer-D3 2024"]
[Site "Online"]
[Date "2024.09.27"]
[Round "1.1"]
[White "Deac, Bogdan-Daniel"]
[Black "Yoo, Christopher"]
[Result "1-0"]
[ECO "E04"]
[WhiteElo "2663"]
[BlackElo "2612"]
[Annotator "ChessBase"]
[PlyCount "121"]
[EventDate "2024.09.25"]
[EventType "swiss"]
[EventCountry "NET"]
[SourceTitle "playchess.com"]
[Source "ChessBase"]
[SourceQuality "1"]
[TimeControl "600+2"]

1. Nf3 d5 2. g3 Nf6 3. Bg2 c5 4. O-O Nc6 5. d4 e6 6. c4 dxc4 7. Qa4 Bd7 8. Qxc4 cxd4 9. Nxd4 Rc8 10. Nc3 Qa5 11. Nb3 Qb4 12. Qxb4 Bxb4 13. Be3 Bxc3 14. bxc3 Nd5 15. Bxd5 exd5 16. Rfd1 Be6 17. Nd4 Nxd4 18. Bxd4 O-O 19. Rdb1 Rc7 20. Bxa7 Ra8 21. Bd4 Ra4 22. a3 h6 23. Rb4 Rxb4 24. axb4 b5 25. f3 Kh7 26. Ra5 Rb7 27. g4 f5 28. h3 fxg4 29. hxg4 h5 30. gxh5 Bf7 31. Ra6 Bxh5 32. Rd6 Bf7 33. Kf2 Re7 34. e3 Kg8 35. Rd8+ Kh7 36. Rb8 Be8 37. Bc5 Re6 38. Rb7 Rf6 39. Bd4 Rf7 40. Rb6 Rf5 41. Rb7 Rf7 42. Rb8 Bd7 43. Kg3 g5 44. Rb6 Be8 45. Re6 Rf8 46. Rd6 Bh5 47. f4 gxf4+ 48. exf4 Rf5 49. Rd7+ Kh6 50. Rb7 Be2 51. Rb6+ Kh7 52. Re6 Bd1 53. Re1 Bh5 54. Re7+ Kh6 55. Re6+ Kh7 56. Be5 Be2 57. Rd6 Bc4 58. Kg4 Rf7 59. Bd4 Be2+ 60. Kg5 Bd3 61. Rh6+ 1-0

[Event "CCT Julius Baer-D3 2024"]
[Site "Online"]
[Date "2024.09.27"]
[Round "1.1"]
[White "h4parah5"]
[Black "Arm-Akiba"]
[Result "1-0"]
[ECO "C55"]
[WhiteElo "2657"]
[BlackElo "2547"]
[Annotator "NA"]
[PlyCount "101"]
[EventDate "2024.09.25"]
[EventType "swiss"]
[EventCountry "NET"]
[SourceTitle "playchess.com"]
[Source "ChessBase"]
[SourceQuality "1"]
[TimeControl "600+2"]

1. e4 e5 2. Nf3 Nc6 3. Bc4 Nf6 4. d3 Be7 5. O-O O-O 6. Nc3 d6 7. a3 Bg4 8. h3 Bh5 9. Nd5 Nxd5 10. Bxd5 Qd7 11. Nxe5 dxe5 12. Qxh5 Bf6 13. Be3 Ne7 14. Bb3 a5 15. a4 g6 16. Qe2 Bg7 17. Rad1 Kh8 18. f4 exf4 19. Rxf4 f5 20. Rff1 Bxb2 21. Bf4 Nc6 22. exf5 Rxf5 23. Bg3 Re8 24. Qg4 Be5 25. Rxf5 Qxf5 26. Qxf5 gxf5 27. Re1 Re7 28. Bh4 Bd4+ 29. Kf1 Rxe1+ 30. Bxe1 b6 31. c3 Be5 32. d4 Bd6 33. Bc2 Ne7 34. Ke2 Kg7 35. Bb3 h5 36. Kd3 Ng6 37. Ke3 Nf4 38. Kf3 Ng6 39. Bd2 Nh4+ 40. Kf2 Ng6 41. Bd1 h4 42. Bf3 Bg3+ 43. Ke2 Nf4+ 44. Kd1 Kf6 45. Kc2 Ke6 46. Kb3 Kd6 47. Kc4 c6 48. Kb3 Nd3 49. c4 c5 50. Kc3 Ne1 51. dxc5+ 1-0

[Event "CCT Julius Baer-D3 2024"]
[Site "Online"]
[Date "2024.09.27"]
[Round "1.1"]
[White "Korobov, Anton"]
[Black "Ponkratov, Pavel"]
[Result "1/2-1/2"]
[ECO "D43"]
[WhiteElo "2650"]
[BlackElo "2564"]
[Annotator "ChessBase"]
[PlyCount "94"]
[EventDate "2024.09.25"]
[EventType "swiss"]
[EventCountry "NET"]
[SourceTitle "playchess.com"]
[Source "ChessBase"]
[SourceQuality "1"]
[TimeControl "600+2"]

1. d4 Nf6 2. c4 e6 3. Nf3 d5 4. Nc3 c6 5. Bg5 h6 6. Bxf6 Qxf6 7. a3 dxc4 8. Ne5 b5 9. g3 a6 10. Bg2 Bb7 11. a4 Qe7 12. O-O Qc7 13. e3 Bd6 14. Ne4 Nd7 15. Nxd7 Qxd7 16. axb5 axb5 17. Rxa8+ Bxa8 18. Qg4 Bf8 19. Ra1 Qd8 20. Nc5 h5 21. Nxe6 hxg4 22. Nxd8 Kxd8 23. Rxa8+ Kc7 24. Ra6 Rh6 25. Ra7+ Kb6 26. Rxf7 Rf6 27. Rxf6 gxf6 28. Kf1 c5 29. Be4 cxd4 30. exd4 Bh6 31. Bc2 Bc1 32. b3 Bb2 33. bxc4 bxc4 34. Bf5 Bxd4 35. Bxg4 Kc5 36. Bf5 Kd5 37. f4 Kd6 38. h4 Ke7 39. Kg2 Kf7 40. Kf3 c3 41. g4 Kg7 42. g5 fxg5 43. hxg5 Bb6 44. Bc2 Bd8 45. Kg4 Be7 46. f5 Bd8 47. Bb3 Be7 1/2-1/2

[Event "CCT Julius Baer-D3 2024"]
[Site "Online"]
[Date "2024.09.27"]
[Round "1.1"]
[White "Theodorou, Nikolas"]
[Black "frederiksvane"]
[Result "1-0"]
[ECO "A06"]
[WhiteElo "2646"]
[BlackElo "2627"]
[Annotator "ChessBase"]
[PlyCount "91"]
[EventDate "2024.09.25"]
[EventType "swiss"]
[EventCountry "NET"]
[SourceTitle "playchess.com"]
[Source "ChessBase"]
[SourceQuality "1"]
[TimeControl "600+2"]

1. Nf3 d5 2. b3 Nf6 3. Bb2 e6 4. Rg1 c5 5. g4 d4 6. e3 Nc6 7. Bb5 Qb6 8. Bxc6+ bxc6 9. exd4 cxd4 10. Bxd4 c5 11. Bxf6 gxf6 12. Nc3 Bb7 13. Qe2 Qc6 14. Rg3 h5 15. gxh5 Rxh5 16. O-O-O O-O-O 17. Nd4 cxd4 18. Qxh5 Kb8 19. Na4 Bd6 20. Qxf7 Bxg3 21. hxg3 e5 22. Kb2 Rc8 23. Rc1 d3 24. Nc3 Qf3 25. Qd7 dxc2 26. Rxc2 Qxf2 27. Qd6+ Ka8 28. Nb5 Qb6 29. Rxc8+ Bxc8 30. Qxb6 axb6 31. Nc7+ Kb7 32. Ne8 f5 33. Nd6+ Kc7 34. Nxc8 Kxc8 35. Kc3 Kc7 36. a4 Kc6 37. b4 Kd5 38. Kd3 Kd6 39. Ke3 Kd5 40. d3 Ke6 41. a5 bxa5 42. bxa5 Kd5 43. a6 Kc6 44. d4 e4 45. d5+ Kb6 46. d6 1-0

[Event "CCT Julius Baer-D3 2024"]
[Site "Online"]
[Date "2024.09.27"]
[Round "1.1"]
[White "Gelfand, Boris"]
[Black "Predke, Alexandr"]
[Result "1-0"]
[ECO "E16"]
[WhiteElo "2644"]
[BlackElo "2591"]
[Annotator "ChessBase"]
[PlyCount "97"]
[EventDate "2024.09.25"]
[EventType "swiss"]
[EventCountry "NET"]
[SourceTitle "playchess.com"]
[Source "ChessBase"]
[SourceQuality "1"]
[TimeControl "600+2"]

1. d4 Nf6 2. c4 e6 3. Nf3 b6 4. g3 Bb7 5. Bg2 Bb4+ 6. Bd2 Bxd2+ 7. Qxd2 O-O 8. O-O c5 9. dxc5 bxc5 10. Rd1 d5 11. cxd5 exd5 12. Nh4 Nbd7 13. Nc3 Nb6 14. a4 Rb8 15. Qc2 d4 16. Nb5 Bxg2 17. Nxg2 Qe7 18. Rac1 a6 19. Na3 Rbc8 20. e3 Qd7 21. Nc4 Nfd5 22. a5 Nxc4 23. Qxc4 Nf6 24. Qxa6 Ra8 25. Qc4 Ne4 26. exd4 Ng5 27. Nh4 Nh3+ 28. Kf1 Qb7 29. d5 Qxb2 30. Rc2 Qf6 31. Kg2 g5 32. Kxh3 gxh4 33. Qxh4 Qxh4+ 34. Kxh4 Rxa5 35. Kg5 Kg7 36. Kf5 Re8 37. f4 Kf8 38. g4 Re3 39. Rc4 Ke7 40. d6+ Kd7 41. Kf6 Re6+ 42. Kxf7 Rxd6 43. Rxd6+ Kxd6 44. f5 Kd5 45. Rc1 c4 46. g5 Ke5 47. f6 Ra7+ 48. Kg8 Kf5 49. f7 1-0

[Event "CCT Julius Baer-D3 2024"]
[Site "Online"]
[Date "2024.09.27"]
[Round "1.1"]
[White "Micki-taryan"]
[Black "Caruana, Fabiano"]
[Result "1-0"]
[ECO "D44"]
[WhiteElo "2642"]
[BlackElo "2754"]
[Annotator "TA"]
[PlyCount "89"]
[EventDate "2024.09.25"]
[EventType "swiss"]
[EventCountry "NET"]
[SourceTitle "playchess.com"]
[Source "ChessBase"]
[SourceQuality "1"]
[TimeControl "600+2"]

1. d4 Nf6 2. c4 e6 3. Nf3 d5 4. Nc3 c6 5. Bg5 dxc4 6. a4 c5 7. e4 cxd4 8. Qxd4 Qxd4 {[%emt 0:00:08] The position is equal.} 9. Nxd4 a6 {[%emt 0:00:05] Against Ndb5} 10. Bxc4 Bb4 11. f3 Nbd7 12. Nc2 Ba5 13. Be3 Ne5 14. Be2 Bd7 15. b4 Bc7 16. O-O (16. O-O-O $14) 16... Rc8 $11 17. Rfc1 Bd6 18. Nd1 Nc4 19. Bxc4 Rxc4 20. Nb2 Rc8 (20... Rc6 $14) 21. Nd3 $1 $16 Be7 22. Nc5 Rc7 23. Na3 O-O 24. Nc4 Rd8 (24... Re8 $142) 25. Na5 {[%emt 0:01:07] White is more active.} Bxc5 26. bxc5 ({Resist} 26. Bxc5 $6 b5 $14) 26... e5 {[%emt 0:00:21] [#] Repels Bf4} 27. c6 $1 Rxc6 (27... Bxc6 $2 {loses.} 28. Bb6 Rdd7 29. Bxc7 Rxc7 30. Nxb7 $18 (30. Nxc6 bxc6 31. Rc5 Nd7 $18)) 28. Nxc6 Bxc6 29. a5 Nd7 $2 {[%emt 0:00:18] [#] A mistake that costs the game.} (29... Ne8 $16 30. Rd1 Rc8) 30. Rxc6 $1 $18 bxc6 {[%emt 0:00:02][%mdl 4096] Endgame. [#] KRB-KRN} 31. Rd1 $1 Kf8 32. Bb6 Ke7 {[%emt 0:00:00] And now ...Nxb6 would win.} 33. Bxd8+ Kxd8 {[%emt 0:00:00] KR-KN} 34. Kf2 Kc7 35. Ke3 Nc5 36. Rb1 {[%emt 0:00:01] Against Nb3} Nb7 37. Rb6 Nxa5 38. Rxa6 Nb7 (38... Nc4+ {might work better.} 39. Ke2 Kb7) 39. Ra8 Nd8 40. h4 Kd7 41. Ra7+ Ke6 42. g3 g6 43. g4 {[%emt 0:00:20] Threatens to win with g5.} h5 $2 (43... h6 44. Kd3 Kf6) 44. g5 f6 45. Rg7 {[%emt 0:00:05] Weighted Error Value: White=0.07 (flawless) /Black=0.28 (precise) .  Loses game:     	---       	Black=1      Mistake:       	White=1     	Black=4      Inaccurate:     	---       	Black=3      OK:         	White=17    	Black=9      Best:        	White=1     	Black=3      Strong:       	White=2     	---        Brilliant:      	White=1     	---} 1-0

[Event "CCT Julius Baer-D3 2024"]
[Site "Online"]
[Date "2024.09.27"]
[Round "1.1"]
[White "Guseinov, Gadir"]
[Black "Bharath Subramaniyam H"]
[Result "1/2-1/2"]
[ECO "C67"]
[WhiteElo "2636"]
[BlackElo "2561"]
[Annotator "ChessBase"]
[PlyCount "94"]
[EventDate "2024.09.25"]
[EventType "swiss"]
[EventCountry "NET"]
[SourceTitle "playchess.com"]
[Source "ChessBase"]
[SourceQuality "1"]
[TimeControl "600+2"]

1. e4 e5 2. Nf3 Nc6 3. Bb5 Nf6 4. O-O Nxe4 5. Re1 Nd6 6. Nxe5 Be7 7. Bf1 Nxe5 8. Rxe5 O-O 9. d4 Bf6 10. Re1 Re8 11. Bf4 Rxe1 12. Qxe1 Ne8 13. c3 d5 14. Bd3 g6 15. a4 Ng7 16. a5 Bf5 17. Bxf5 Nxf5 18. Nd2 Qd7 19. Qe2 Re8 20. Qd3 c6 21. a6 b6 22. Nf3 Nd6 23. Be5 Bg7 24. Re1 Nc4 25. Bxg7 Rxe1+ 26. Nxe1 Kxg7 27. Qe2 Qc8 28. g3 Kf8 29. Kg2 Qe8 30. Qxe8+ Kxe8 31. Nd3 f6 32. h4 Nd6 33. g4 Nb5 34. g5 fxg5 35. hxg5 Nc7 36. Ne5 c5 37. Nc6 Nxa6 38. Nxa7 Kd7 39. Nb5 cxd4 40. cxd4 Nb4 41. Kf3 Nd3 42. b3 Nc1 43. Kf4 Kc6 44. Na7+ Kd6 45. Nb5+ Kc6 46. Na7+ Kd6 47. Nb5+ Kc6 1/2-1/2

[Event "CCT Julius Baer-D3 2024"]
[Site "Online"]
[Date "2024.09.27"]
[Round "1.1"]
[White "Bosiocic"]
[Black "Svane, Rasmus"]
[Result "0-1"]
[ECO "C65"]
[WhiteElo "2631"]
[BlackElo "2628"]
[Annotator "ChessBase"]
[PlyCount "104"]
[EventDate "2024.09.25"]
[EventType "swiss"]
[EventCountry "NET"]
[SourceTitle "playchess.com"]
[Source "ChessBase"]
[SourceQuality "1"]
[TimeControl "600+2"]

1. e4 e5 2. Nf3 Nc6 3. Bb5 Nf6 4. d3 Bc5 5. Bg5 h6 6. Bh4 O-O 7. O-O Be7 8. Nbd2 d6 9. c3 Nh5 10. Bg3 Nb8 11. d4 c6 12. Bd3 Nxg3 13. hxg3 Bf6 14. dxe5 dxe5 15. Nc4 Qc7 16. b4 b5 17. Ne3 a5 18. a4 axb4 19. cxb4 bxa4 20. Rxa4 Rxa4 21. Qxa4 Rd8 22. Be2 Be6 23. Rc1 Qb7 24. Nc4 Bxc4 25. Bxc4 g6 26. Bb3 Kg7 27. Qa5 Qe7 28. Rc5 Rd7 29. Qa1 Rb7 30. Qc3 Rxb4 31. Nd2 Rb5 32. Rc4 c5 33. Ba4 Rb4 34. Nf1 Rxc4 35. Qxc4 Bg5 36. Qd5 Na6 37. Bb5 Nc7 38. Qc4 Nxb5 39. Qxb5 Qd6 40. Qb1 c4 41. Nh2 Qd4 42. Nf3 Qc3 43. Qb5 Bf6 44. Qc5 Qc1+ 45. Kh2 c3 46. Nxe5 Qg5 47. f4 Qh5+ 48. Kg1 Bxe5 49. fxe5 Qd1+ 50. Kh2 c2 51. e6 c1=Q 52. Qe5+ f6 0-1

[Event "CCT Julius Baer-D3 2024"]
[Site "Online"]
[Date "2024.09.27"]
[Round "1.1"]
[White "Kamsky, Gata"]
[Black "Esipenko, Andrey"]
[Result "1/2-1/2"]
[ECO "C91"]
[WhiteElo "2629"]
[BlackElo "2701"]
[Annotator "ChessBase"]
[PlyCount "75"]
[EventDate "2024.09.25"]
[EventType "swiss"]
[EventCountry "NET"]
[SourceTitle "playchess.com"]
[Source "ChessBase"]
[SourceQuality "1"]
[TimeControl "600+2"]

1. e4 e5 2. Nf3 Nc6 3. Bb5 a6 4. Ba4 Nf6 5. O-O Be7 6. Re1 b5 7. Bb3 O-O 8. c3 d6 9. d4 Bg4 10. d5 Na5 11. Bc2 c6 12. h3 Bxf3 13. Qxf3 cxd5 14. exd5 Nd7 15. a4 Qc7 16. axb5 axb5 17. Na3 Nc4 18. Nxb5 Qc5 19. Rxa8 Rxa8 20. Na3 Nxa3 21. bxa3 g6 22. g4 Nb6 23. Rd1 Na4 24. Bxa4 Rxa4 25. Kg2 Qc4 26. Bh6 Rxa3 27. Rb1 Qc8 28. Rb6 Ra8 29. Qd3 Bf8 30. Bxf8 Qxf8 31. c4 Qe7 32. c5 dxc5 33. Rc6 e4 34. Qe3 Qe5 35. Qxc5 e3 36. Qxe3 Qxd5+ 37. Qf3 Qxf3+ 38. Kxf3 1/2-1/2

[Event "CCT Julius Baer-D3 2024"]
[Site "Online"]
[Date "2024.09.27"]
[Round "1.1"]
[White "Rud_Makarian"]
[Black "Chopper"]
[Result "0-1"]
[ECO "A09"]
[WhiteElo "2624"]
[BlackElo "2604"]
[Annotator "ChessBase"]
[PlyCount "64"]
[EventDate "2024.09.25"]
[EventType "swiss"]
[EventCountry "NET"]
[SourceTitle "playchess.com"]
[Source "ChessBase"]
[SourceQuality "1"]
[TimeControl "600+2"]

1. Nf3 d5 2. g3 g6 3. c4 dxc4 4. Na3 Bg7 5. Nxc4 c5 6. Bg2 Nc6 7. d3 Nf6 8. Be3 Nd5 9. Bxc5 b6 10. e4 Nc3 11. Qc2 Nxe4 12. Ba3 Nc5 13. O-O O-O 14. d4 Bf5 15. Qd1 Bd3 16. dxc5 Bxc4 17. Re1 b5 18. b3 Qa5 19. bxc4 Bxa1 20. Qxa1 Qxa3 21. cxb5 Nb4 22. Nd4 Rad8 23. h4 Qd3 24. Rd1 Qc4 25. c6 e5 26. Nf3 Qxb5 27. Rxd8 Rxd8 28. Nxe5 Nc2 29. Qc3 Nd4 30. c7 Ne2+ 31. Kh2 Rc8 32. Qc2 Qxe5 0-1